 Dungeon Crawl Stone Soup version 0.21-a0-531-gacddea6 (webtiles) character file.

464 Amnesiac the Vexing (level 6, -2/35 HPs)
             Began as a Deep Elf Arcane Marksman on Dec 12, 2017.
             Slain by a phantom (8 damage)
             ... on level 4 of the Dungeon.
             The game lasted 00:14:47 (5620 turns).

Amnesiac the Vexing (Deep Elf Arcane Marksman)      Turns: 5620, Time: 00:14:48

Health: -2/35      AC:  2    Str:  9    XL:     6   Next: 80%
Magic:  13/13      EV: 14    Int: 18    God:
Gold:   119        SH:  0    Dex: 15    Spells: 5/12 levels left

rFire    . . .     SeeInvis .   b - +0 hunting sling
rCold    . . .     Gourm    .   (no shield)
rNeg     . . .     Faith    .   e - +0 robe
rPois    .         Spirit   .   (no helmet)
rElec    .         Reflect  .   (no cloak)
rCorr    .         Harm     .   (no gloves)
MR       .....                  (no boots)
Stlth    +.........             (no amulet)
HPRegen  0.11/turn              (no ring)
MPRegen  0.13/turn              (no ring)

@: no status effects
A: no striking features
a: no special abilities


You were on level 4 of the Dungeon.
You were not hungry.

You visited 1 branch of the dungeon, and saw 4 of its levels.

You collected 119 gold pieces.

Inventory:

Hand Weapons
 a - a +0 shortbow
 b - a +0 hunting sling (weapon)
 q - a +0 blowgun
Missiles
 d - 9 arrows
 j - 75 stones (quivered)
 p - 8 poisoned needles
Armour
 e - a +0 robe (worn)
 l - a +0 pair of boots
Scrolls
 i - 2 scrolls of identify {!r}
 k - a scroll of enchant armour {!r}
 o - a scroll of fog {!r}
 s - a scroll of immolation {!r}
Potions
 r - a potion of curing {!q}
Books
 c - a book of Debilitation

   Spells                             Type                      Level
   a - Corona                         Hexes                        1
   b - Slow                           Hexes                        2
   c - Inner Flame                    Hexes/Fire                   3
   d - Portal Projectile              Hexes/Translocation          3
   e - Cause Fear                     Hexes                        4
   f - Leda's Liquefaction            Hexes/Earth                  4
 h - a book of Callings

   Spells                             Type                      Level
   a - Summon Small Mammal            Summoning                    1
   b - Call Imp                       Summoning                    2
   c - Call Canine Familiar           Summoning                    3
   d - Summon Guardian Golem          Hexes/Summoning              3
   e - Summon Lightning Spire         Summoning/Air                4
   f - Summon Ice Beast               Ice/Summoning                4
Comestibles
 f - 4 bread rations
 g - 3 chunks of flesh
 m - a meat ration


   Skills:
 + Level 2.1 Fighting
 * Level 4.6 Bows
 + Level 3.8 Dodging
 + Level 3.7 Spellcasting
 * Level 6.6 Hexes


You had 5 spell levels left.
You knew the following spells:

 Your Spells              Type           Power        Failure   Level  Hunger
a - Corona                Hex            ####...      1%          1    None
b - Cause Fear            Hex            ####......   10%         4    ####...
e - Slow                  Hex            ####....     1%          2    ##.....


Dungeon Overview and Level Annotations

Branches:
Dungeon (4/15)
 Temple: D:4-7

Altars:
Fedhas
Sif Muna

Annotations:
D:3 Jessica
D:4 Gerstahl's ghost, amateur DsMo


Message History

Firing (i - inventory):
j - 88 stones (quivered)
Press: ? - help, Shift-Dir - straight line, f/p - phantom
Aim: a phantom (heavily damaged)
You shoot a stone. The stone hits the phantom.
The phantom is severely damaged.
Firing (i - inventory):
j - 87 stones (quivered)
Press: ? - help, Shift-Dir - straight line, f/p - phantom
Aim: a phantom (severely damaged)
You shoot a stone. The stone barely misses the phantom.
The phantom hits you.
Firing (i - inventory):
j - 86 stones (quivered)
Press: ? - help, Shift-Dir - straight line, f/p - phantom
Aim: a phantom (severely damaged)
You shoot a stone. The stone misses the phantom.
The phantom barely misses you.
Firing (i - inventory):
j - 85 stones (quivered)
Press: ? - help, Shift-Dir - straight line, f/p - phantom
Aim: a phantom (severely damaged)
You shoot a stone. The stone closely misses the phantom.
The phantom barely misses you.
The phantom blinks!
Firing (i - inventory):
j - 84 stones (quivered)
Press: ? - help, Shift-Dir - straight line, f/p - phantom
Aim: a phantom (severely damaged)
You shoot a stone. The stone hits the phantom.
The phantom is severely damaged.
Firing (i - inventory):
j - 83 stones (quivered)
Press: ? - help, Shift-Dir - straight line, f/p - phantom
Aim: a phantom (severely damaged)
You shoot a stone. The stone closely misses the phantom.
Firing (i - inventory):
j - 82 stones (quivered)
Press: ? - help, Shift-Dir - straight line, f/p - phantom
Aim: a phantom (severely damaged)
You shoot a stone. The stone closely misses the phantom.
The phantom closely misses you.
Firing (i - inventory):
j - 81 stones (quivered)
Press: ? - help, Shift-Dir - straight line, f/p - phantom
Aim: a phantom (severely damaged)
You shoot a stone. The stone barely misses the phantom.
The phantom hits you! x2
* * * LOW HITPOINT WARNING * * *
Firing (i - inventory):
j - 80 stones (quivered)
Press: ? - help, Shift-Dir - straight line, f/p - phantom
Aim: a phantom (severely damaged)
You shoot a stone. The stone barely misses the phantom.
The phantom blinks!
Firing (i - inventory):
j - 79 stones (quivered)
Press: ? - help, Shift-Dir - straight line, f/p - phantom
Aim: a phantom (severely damaged)
You shoot a stone.
The stone hits the phantom but does no damage.
The phantom is severely damaged.
Firing (i - inventory):
j - 78 stones (quivered)
Press: ? - help, Shift-Dir - straight line, f/p - phantom
Aim: a phantom (severely damaged)
You shoot a stone. The stone hits the phantom.
The phantom is severely damaged.
Firing (i - inventory):
j - 77 stones (quivered)
Press: ? - help, Shift-Dir - straight line, f/p - phantom
Aim: a phantom (severely damaged)
You shoot a stone. The stone hits the phantom.
The phantom is almost destroyed.
Firing (i - inventory):
j - 76 stones (quivered)
Press: ? - help, Shift-Dir - straight line, f/p - phantom
Aim: a phantom (almost destroyed)
You shoot a stone. The stone closely misses the phantom.
The phantom hits you!
* * * LOW HITPOINT WARNING * * *
The phantom hits you!
You die...

########## #....((..#
#........##
#.#(#.(...#########
*,#(#.###.##......#
*,#.((# #.........#
*,#(.W###.##.##...##
*,#.(@..((##.#.....###
*,#.(...(###.##.......
#..(.....# #.###..####
######.### #.# #..#
#.# #.#*#..# #.#
#..,...#
***#.#***####...#*
*,,...,,* **....,**
*,**.#*,***,,,,,,,**


You could see a phantom.

Vanquished Creatures
  Eustachio (D:4)
  3 orc priests
  A bullfrog skeleton (D:3)
  Terence (D:3)
  7 adders
  An ooze (D:2)
  4 dart slugs
  3 leopard geckos
  9 orcs
  A ball python (D:2)
  2 giant cockroaches
  9 goblins
  9 hobgoblins
  4 jackals (D:1)
  4 quokkas
  14 bats
  11 frilled lizards
  10 kobolds
  A leopard gecko skeleton (D:4)
  9 rats
104 creatures vanquished.

Vanquished Creatures (others)
  A quokka (D:4)
1 creature vanquished.

Grand Total: 105 creatures vanquished

Notes
Turn   | Place    | Note
-------+----------+-------------------------------------------
     0 | D:1      | Amnesiac the Deep Elf Arcane Marksman began the quest for the Orb.
     0 | D:1      | Reached XP level 1. HP: 11/11 MP: 5/5
   570 | D:1      | Reached XP level 2. HP: 14/16 MP: 4/6
   574 | D:1      | Learned a level 2 spell: Slow
   611 | D:1      | Reached skill level 1 in Fighting
   814 | D:1      | Reached XP level 3. HP: 15/20 MP: 4/8
   915 | D:1      | HP: 1/20 [leopard gecko (2)]
  1483 | D:3      | Noticed Terence
  1650 | D:3      | Killed Terence
  1650 | D:3      | Reached skill level 5 in Hexes
  1650 | D:3      | Reached XP level 4. HP: 10/25 MP: 5/9
  2131 | D:3      | Found a deep blue altar of Sif Muna.
  2381 | D:3      | Found a blossoming altar of Fedhas.
  2382 | D:3      | Noticed Jessica
  2496 | D:2      | Learned a level 4 spell: Cause Fear
  2758 | D:2      | Reached XP level 5. HP: 29/29 MP: 5/11
  4720 | D:4      | Noticed Eustachio
  4860 | D:4      | Killed Eustachio
  4860 | D:4      | Reached skill level 6 in Hexes
  4860 | D:4      | Reached XP level 6. HP: 24/35 MP: 10/13
  5026 | D:4      | Noticed Gerstahl's ghost (amateur DsMo)
  5620 | D:4      | Slain by a phantom

Vault maps used:
D:1:      evilmike_arrival_fibonacci_small
D:2:      cheibrodos_pilgrimage, serial_forest, infiniplex_forest_lined_4_way,
          infiniplex_forest_end_2, infiniplex_forest_lined_ring,
          infiniplex_forest_lined_1, infiniplex_forest_end_3,
          infiniplex_forest_clump_curved, first_bread, serial_park_tiny_1
D:3:      marbit_many_paths, nicolae_overflow_hidden_temple, uniq_jessica,
          uniq_terence
D:4:      elyvilon_altar_4, minivault_26, uniq_eustachio

Skill      XL: |  1  2  3  4  5 |
---------------+----------------+-----
Fighting       | 1 2 |  2.1
Spellcasting   | 2 3 |  3.7
Bows           | 3 4 |  4.6
Hexes          | 5 6 |  6.6
Dodging        | 3 |  3.8

Action                   |  1- 3 |  4- 6 || total
-------------------------+-------+-------++-------
Melee: Unarmed           |       |    13 ||    13
 Fire: Shortbow          |    68 |   119 ||   187
       Hunting sling     |    89 |   108 ||   197
       Blowgun           |       |     4 ||     4
Throw: Stone             |       |     5 ||     5
 Cast: Corona            |    37 |    57 ||    94
       Slow              |    10 |    10 ||    20
       Cause Fear        |       |     3 ||     3
  Use: Scroll            |       |     7 ||     7
       Potion            |       |     3 ||     3
  Eat: Chunk             |     3 |    10 ||    13
       Fruit             |       |     2 ||     2
       Royal jelly       |       |     1 ||     1
Armor: Robe              |    26 |    15 ||    41
       Skin              |       |    21 ||    21
Dodge: Dodged            |    87 |    87 ||   174

Table legend:
 A = Spawn XP
 B = Non-spawn XP
 C = Spawn XP percentage of total XP
 D = Spawn monster count
 E = Non-spawn monster count
 F = Spawn count percentage of total count
 G = Total turns spent on level
                    A         B        C        D         E        F      G
               +---------+---------+-------+---------+---------+-------+---------
         Total |       0 |     663 |   0.0 |       0 |     104 |   0.0 |  5620
               +---------+---------+-------+---------+---------+-------+---------
           D:1 |       0 |      54 |   0.0 |       0 |      30 |   0.0 |  1294
           D:2 |       0 |      97 |   0.0 |       0 |      29 |   0.0 |  1579
           D:3 |       0 |     181 |   0.0 |       0 |      34 |   0.0 |  1893
           D:4 |       0 |     331 |   0.0 |       0 |      11 |   0.0 |   854
               +---------+---------+-------+---------+---------+-------+---------
